 Dungeon Crawl Stone Soup version 0.16-a0-791-gf1c67de (webtiles) character file.

8171 RobertPalmer the Bludgeoner (level 11, -12/91 HPs)
             Began as an Ogre Transmuter on Sept 28, 2014.
             Was a Believer of Ashenzari.
             Killed by divine providence
             ... invoked by an orc priest
              (13 damage)
             ... on Level 10 of the Dungeon.
             The game lasted 00:42:20 (16874 turns).

RobertPalmer the Bludgeoner (Ogre Transmuter)      Turns: 16874, Time: 00:42:20

HP -12/91        AC  6     Str 17      XL: 11   Next: 26%
MP  18/18        EV 15     Int 13      God: Ashenzari [**....]
Gold 808         SH  0     Dex 14      Spells:  2 memorised, 11 levels left

rFire  . . .     SeeInvis .     a - +0 giant club
rCold  . . .     Clarity  .     C - +2 robe {MR+} (curse)
rNeg   . . .     rCorr    .     (shield restricted)
rPois  .         rRot     .     (helmet restricted)
rElec  .         Spirit   .     D - +0 cloak (curse)
SustAb .         Warding  .     (gloves unavailable)
rMut   .         Stasis   .     (boots unavailable)
Gourm  .                        (no amulet)
MR     ++...                    (no ring)
                                E - +2 ring of dexterity

@: exhausted, about to teleport, slowed, very slow, very resistant to hostile
enchantments, very unstealthy
A: unfitting armour, tough skin 1
a: Renounce Religion


You were on level 10 of the Dungeon.
You worshipped Ashenzari.
Ashenzari was pleased with you.
You were not hungry.

You visited 3 branches of the dungeon, and saw 12 of its levels.
You also visited: Ossuary.

You collected 853 gold pieces.
You spent 45 gold pieces at shops.


Innate Abilities, Weirdness & Mutations

You are too large for most types of armour.
You have tough skin (AC +1).


   Skills:
 - Level 1.3 Fighting
 + Level 17.6 Maces & Flails
 - Level 7.8(9.3) Dodging
 - Level 3.0 Unarmed Combat
 - Level 2.4 Spellcasting
 - Level 2.1 Transmutations


You had 11 spell levels left.
You knew the following spells:

 Your Spells              Type           Power        Failure   Level  Hunger
z - Beastly Appendage     Trmt           #.....       12%         1    #......
Z - Sticks to Snakes      Trmt           #.........   17%         2    ###....

Inventory:

Hand weapons
 a - a +0 giant club (weapon)
 b - a +0 blowgun
Missiles
 f - 12 arrows of frost
 w - 78 arrows
 x - 2 poisoned needles
 Q - 17 poisoned arrows
Armour
 C - a cursed +2 robe of magic resistance (worn)
 D - a cursed +0 cloak (worn)
Magical devices
 c - a wand of teleportation (2) {!d}
 m - a wand of teleportation (1) {!d}
 q - a wand of digging (11)
 A - a wand of fireball (1)
 G - a wand of frost (3)
 T - a wand of paralysis (0)
Comestibles
 h - 3 rotting chunks of orc flesh {@*1}
 k - 5 bread rations
 n - 4 beef jerkies
 o - 4 rotting chunks of orc flesh {@*1}
 t - 6 royal jellies
 B - 2 chunks of orc flesh {@*1}
 I - 2 meat rations
Scrolls
 g - a scroll of teleportation
 p - a scroll of remove curse
 s - a scroll of fog
 u - 5 scrolls of recharging
 J - 4 scrolls of identify
 K - 2 scrolls of curse armour
 L - a scroll of curse jewellery
 M - a scroll of curse weapon
Jewellery
 E - a +2 ring of dexterity (left hand)
Potions
 e - 2 potions of haste
 i - 5 potions of brilliance
 j - 2 potions of might
 l - a potion of confusion {!q}
 r - a potion of curing
 z - a potion of porridge
 F - a potion of berserk rage
 H - 3 potions of resistance
 N - a potion of cancellation
 P - a potion of mutation {!q}
Books
 d - a book of Changes
 y - a book of Envenomations
Magical staves
 v - a cursed staff of power {!a}
 O - an uncursed staff of wizardry {!a}

Dungeon Overview and Level Annotations

Branches:
Dungeon (10/15)            Temple (1/1) D:6             Orc (1/4) D:10
   Lair: D:8-11

Altars:
Ashenzari
Cheibriados
Dithmenos
Elyvilon
Fedhas
Gozag
Kikubaaqudgha
Makhleb
Nemelex Xobeh
Okawaru
Qazlal
Ru
Sif Muna
Trog
Vehumet
Xom
Yredelemnul
Zin
The Shining One

Shops:
D:7 [   Orc:1 *

Annotations:
D:7 Crazy Yiuf
D:10 Psiweapon's ghost, powerful KoEn

#............##########
#.##########.##########
#...........z..........
#(.)...................
#(....[[[..............
#.#########..)#########
#.# #...########
#.#########............
#)....@Hoooz...........
#.#########............
#(# #..)>........
#(#########............
#((....................
#..(..........#........
#.................####*
#.............#.#.#
#.................. *


You could see a hippogriff, a wight, an orc priest and 2 orcs.


Message History

The hippogriff closely misses you.
The hippogriff pecks you but does no damage.
The hippogriff closely misses you.
The orc priest invokes the aid of Beogh against you.
Something smites you!
* * * LOW HITPOINT WARNING * * *
Drink which item? (? for menu, Esc to quit)
You feel better. The hippogriff bites you!
* * * LOW HITPOINT WARNING * * *
The hippogriff pecks you.
* * * LOW HITPOINT WARNING * * *
The hippogriff claws you.
* * * LOW HITPOINT WARNING * * *
Unknown command.
Read which item? (? for menu, Esc to quit)
As you read the scroll of teleportation, it crumbles to dust.
You feel strangely unstable. The hippogriff bites you.
* * * LOW HITPOINT WARNING * * *
The hippogriff pecks you.
* * * LOW HITPOINT WARNING * * *
The hippogriff barely misses you.
The orc priest mumbles some strange prayers to Beogh against you.
Something smites you!
* * * LOW HITPOINT WARNING * * *
The hippogriff barely misses you. The hippogriff pecks you.
* * * LOW HITPOINT WARNING * * *
The hippogriff claws you but does no damage.
The orc priest invokes the aid of Beogh against you.
Something smites you!
You die...

Action                   |  1- 3 |  4- 6 |  7- 9 | 10-12 || total
-------------------------+-------+-------+-------+-------++-------
Melee: Unarmed           |    42 |       |       |       ||    42
       Mace              |   136 |   165 |    69 |       ||   370
       Giant club        |       |       |   333 |   421 ||   754
 Fire: Blowgun           |       |    14 |    30 |    32 ||    76
Throw: Throwing net      |       |     2 |       |       ||     2
 Cast: Beastly Appendage |    13 |    17 |    21 |    12 ||    63
       Sticks to Snakes  |     2 |     4 |    13 |    19 ||    38
Evoke: Wand              |       |     2 |    20 |     7 ||    29
  Use: Scroll            |     3 |     6 |     7 |    17 ||    33
       Potion            |     1 |     2 |     4 |    11 ||    18
 Stab: Held in net/web   |       |     2 |       |       ||     2
       Sleeping          |       |     1 |       |     4 ||     5
       Invisible         |       |       |       |     2 ||     2
       Paralysed         |       |       |       |     2 ||     2
  Eat: Meat ration       |     1 |       |       |     1 ||     2
       Chunk             |     1 |     9 |    19 |    13 ||    42
       Fruit             |       |     1 |     2 |     3 ||     6
       Pizza             |       |       |     1 |     1 ||     2
       Royal jelly       |       |       |       |     1 ||     1

Vault maps used:
D:1:      lemuel_arrival_tunnels
D:2:      minitemple, lemuel_coloured_pillars_altar,
          gammafunk_temple_overflow_pools, kennysheep_generic_room_2
D:3:      nicolae_tso_swordbearing_angel, uniq_natasha, uniq_iyjb
D:4:      fedhas_altar_2, uniq_blork_the_orc
D:5:      first_bread, sigmund_army, uniq_duvessa, uniq_menkaure
D:6:      lemuel_insect_pit, zin_scriptorium, minmay_temple_entry_overgrown,
          gup_sewer_entry_glass, ashenzari_altar_1
D:7:      kennysheep_little_box, lemuel_crystal_altar, serial_shops,
          shop_fountains, uniq_crazy_yiuf_cottage
D:8:      kennysheep_mini_moat, nicolae_ossuary_entry_plus
D:9:      overflow_temple_1_default, basic_altar
D:10:     orc_0_dummy, due_lair_maze_entry_diamond, david_nohive_1,
          st_stairs_10, hangedman_decor_riveting
Temple:   circular_temple_6
Orc:1:    serial_shops, shop
Ossuary:  ossuary_tomb_3

Notes
Turn   | Place    | Note
--------------------------------------------------------------
     0 | D:1      | RobertPalmer, the Ogre Transmuter, began the quest for the Orb.
     0 | D:1      | Reached XP level 1. HP: 19/19 MP: 3/3
   308 | D:1      | Reached XP level 2. HP: 22/27 MP: 3/5
   311 | D:1      | Reached skill level 2 in Transmutations
   632 | D:1      | Learned a level 2 spell: Sticks to Snakes
  1048 | D:1      | Reached skill level 3 in Unarmed Combat
  1267 | D:1      | Reached skill level 1 in Maces & Flails
  1267 | D:1      | Reached XP level 3. HP: 8/33 MP: 6/6
  2190 | D:1      | Reached skill level 2 in Maces & Flails
  2334 | D:2      | Found a radiant altar of Vehumet.
  2340 | D:2      | Found a burning altar of Makhleb.
  2475 | D:2      | Reached skill level 3 in Maces & Flails
  2479 | D:2      | Found a sparkling altar of Nemelex Xobeh.
  2518 | D:2      | Found an iron altar of Okawaru.
  2518 | D:2      | Found a snail-covered altar of Cheibriados.
  2832 | D:1      | Reached XP level 4. HP: 39/41 MP: 6/8
  3141 | D:3      | Noticed Ijyb
  3344 | D:3      | Killed Ijyb
  3344 | D:3      | Reached skill level 4 in Maces & Flails
  3731 | D:3      | Reached XP level 5. HP: 37/48 MP: 7/9
  3800 | D:3      | Reached skill level 5 in Maces & Flails
  3954 | D:3      | Found a glowing golden altar of the Shining One.
  4149 | D:3      | Reached skill level 6 in Maces & Flails
  4161 | D:3      | Noticed Natasha
  4168 | D:3      | Killed Natasha
  4366 | D:3      | Noticed Natasha
  4371 | D:3      | Killed Natasha
  4371 | D:3      | Reached XP level 6. HP: 53/55 MP: 9/11
  4718 | D:3      | Noticed Natasha
  4722 | D:3      | Killed Natasha
  4926 | D:4      | Noticed Blork the orc
  4940 | D:4      | Killed Blork the orc
  4940 | D:4      | Reached skill level 7 in Maces & Flails
  5342 | D:4      | Found a blossoming altar of Fedhas.
  5498 | D:4      | Reached skill level 8 in Maces & Flails
  5712 | D:4      | Reached XP level 7. HP: 58/62 MP: 12/12
  6480 | D:5      | Entered Level 5 of the Dungeon
  6535 | D:5      | Noticed Duvessa
  6535 | D:5      | Noticed Dowan
  6552 | D:5      | Killed Duvessa
  6552 | D:5      | Reached skill level 9 in Maces & Flails
  6555 | D:5      | Killed Dowan
  6720 | D:5      | Reached skill level 10 in Maces & Flails
  7316 | D:5      | Reached XP level 8. HP: 66/70 MP: 12/14
  7364 | D:5      | Reached skill level 11 in Maces & Flails
  7877 | D:5      | Noticed Menkaure
  7878 | D:5      | Killed Menkaure
  8285 | D:6      | Found a staircase to the Ecumenical Temple.
  8298 | Temple   | Entered the Ecumenical Temple
  8355 | Temple   | Became a worshipper of Ru the Awakened
  8426 | D:6      | Found a shattered altar of Ashenzari.
  8438 | D:6      | Reached skill level 12 in Maces & Flails
  8611 | D:6      | Fell from the grace of Ru
  8611 | D:6      | Became a worshipper of Ashenzari the Shackled
  8932 | D:6      | Reached skill level 13 in Maces & Flails
  9045 | D:6      | Reached XP level 9. HP: 30/76 MP: 15/15
  9326 | D:6      | Found a glowing silver altar of Zin.
  9802 | D:6      | Reached skill level 14 in Maces & Flails
 10521 | D:7      | Noticed Crazy Yiuf
 10632 | D:7      | Found a bloodstained altar of Trog.
 10661 | D:7      | Reached skill level 15 in Maces & Flails
 11292 | D:7      | Found Thuagrid's Armour Shoppe.
 11296 | D:7      | Bought a +0 cloak for 45 gold pieces
 11564 | D:7      | Reached skill level 16 in Maces & Flails
 11714 | D:7      | Found a white marble altar of Elyvilon.
 11864 | D:7      | Reached XP level 10. HP: 43/84 MP: 17/17
 12511 | D:8      | Found a sand-covered staircase.
 12517 | Ossuary  | Entered an ossuary
 12713 | D:8      | Identified 2 potions of resistance
 12768 | D:8      | Reached skill level 17 in Maces & Flails
 12834 | D:8      | Found a shadowy altar of Dithmenos.
 14008 | D:9      | Reached skill level 2 in Dodging
 14064 | D:9      | Found a snail-covered altar of Cheibriados.
 14079 | D:9      | Found a stormy altar of Qazlal.
 14128 | D:9      | Acquired Ashenzari's first power
 14271 | D:10     | Entered Level 10 of the Dungeon
 14277 | D:9      | Reached skill level 3 in Dodging
 14356 | D:10     | Reached skill level 4 in Dodging
 14636 | D:10     | Reached skill level 5 in Dodging
 14667 | D:10     | Found a staircase to the Orcish Mines.
 15298 | D:10     | Reached skill level 6 in Dodging
 15324 | D:10     | Reached XP level 11. HP: 43/91 MP: 18/18
 15714 | D:10     | Noticed a hill giant
 15814 | D:10     | Killed a hill giant
 15814 | D:10     | Reached skill level 7 in Dodging
 16153 | D:10     | Noticed a hill giant
 16162 | D:10     | Noticed Psiweapon's ghost (powerful KoEn)
 16162 | D:10     | Killed a hill giant
 16193 | Orc:1    | Entered Level 1 of the Orcish Mines
 16509 | Orc:1    | Found Cleel's General Store.
 16874 | D:10     | HP: 3/91 [orc priest/divine providence (11)]
 16874 | D:10     | HP: 1/91 [hippogriff (2)]
 16874 | D:10     | Killed from afar by an orc priest

Vanquished Creatures
  2 hill giants (D:10)
  A queen bee (D:10)
  A shadow (D:8)
  7 yaks
  A soldier ant (D:6)
  A hungry ghost (D:8)
  Menkaure (D:5)
  A water moccasin (D:5)
  2 ice beasts (D:6)
  A black bear (D:9)
  3 phantoms
  2 orc warriors
  2 sky beasts
  2 big kobolds
  4 centaurs
  3 ogres
  Duvessa (D:5)
  3 giant frogs
  Blork the orc (D:4)
  5 scorpions
  5 wights (D:6)
  A gnoll sergeant (D:8)
  An eye of draining (D:10)
  15 killer bees
  4 goliath beetles
  Dowan (D:5)
  7 crimson imps
  4 hounds
  2 jellies
  9 orc wizards
  A gnoll shaman (D:7)
  10 orc priests
  A basilisk skeleton (D:9)
  3 iguanas
  8 worker ants
  Natasha (thrice) (D:3)
  2 big kobold zombies (Ossuary)
  Ijyb (D:3)
  A sky beast zombie (D:10)
  9 mummies
  A worker ant zombie (D:10)
  7 adders
  9 gnolls
  3 shadow imps
  4 giant mites
  2 worms
  An orc skeleton (D:6)
  6 giant geckos
  An ooze (D:4)
  62 orcs
  2 bat skeletons
  A bat zombie (D:8)
  9 giant cockroaches
  21 hobgoblins
  4 quokkas
  16 bats
  A giant cockroach zombie (D:6)
  A giant gecko skeleton (D:4)
  3 giant newts
  A giant spore (D:7)
  16 goblins
  A goblin skeleton (D:4)
  2 hobgoblin zombies
  17 jackals
  A jackal skeleton (D:5)
  2 jackal zombies
  27 kobolds
  A kobold zombie (D:6)
  5 orc zombies
  A quokka skeleton (D:5)
  19 rats
  A rat skeleton (D:5)
  A rat zombie (D:7)
  A ballistomycete (D:7)
382 creatures vanquished.

Vanquished Creatures (collateral kills)
  A goliath beetle (D:6)
  2 gnolls
  A giant mite (D:6)
  A gnoll zombie (Ossuary)
  A hobgoblin zombie (Ossuary)
  An orc zombie (Ossuary)
7 creatures vanquished.

Vanquished Creatures (others)
  6 fungi (D:10)
  A plant (D:10)
7 creatures vanquished.

Grand Total: 396 creatures vanquished
